 Dungeon Crawl Stone Soup version 0.23-a0-141-g456867d (webtiles) character file.

14732 Gorice the Cleaver (level 11, -5/77 HPs)
             Began as a Demonspawn Wanderer on Aug 31, 2018.
             Was a Priest of Kikubaaqudgha.
             Killed from afar by a red draconian (21 damage)
             ... with a searing blast
             ... in a volcano.
             The game lasted 01:11:50 (12237 turns).

Gorice the Cleaver (Demonspawn Wanderer)           Turns: 12237, Time: 01:11:51

Health: -5/77      AC: 22    Str: 15    XL:     11   Next: 92%
Magic:  14/14      EV: 22    Int: 13    God:    Kikubaaqudgha [***...]
Gold:   697        SH:  0    Dex: 17    Spells: 14/14 levels left

rFire    . . .     SeeInvis +   b - +1 hand crossbow
rCold    . . .     Gourm    .   (no shield)
rNeg     . . .     Faith    .   O - +3 chain mail
rPois    .         Spirit   .   j - +1 hat {SInv}
rElec    .         Reflect  .   M - +2 cloak
rCorr    .         Harm     .   C - +0 pair of fencer's gloves {+Riposte Dex+3}
MR       .....                  A - +1 pair of boots
Stlth    ..........             i - amulet of the acrobat
HPRegen  0.22/turn              s - +3 ring of slaying
MPRegen  0.14/turn              F - ring of flight

@: very slightly contaminated
A: antennae 2, demonic guardian 1, spiny 2
a: Receive Corpses, Renounce Religion, Evoke Flight


You were in a volcano.
You worshipped Kikubaaqudgha.
Kikubaaqudgha was most pleased with you.
You were hungry.

You visited 3 branches of the dungeon, and saw 12 of its levels.
You also visited: Sewer and Volcano.

You collected 742 gold pieces.
You spent 45 gold pieces at shops.

Inventory:

Hand Weapons
 a - a +1 hand axe of draining
   (You took it off an orc priest on level 3 of the Dungeon)
 b - a +1 hand crossbow (weapon)
 h - a +0 flail of protection
   (You took it off an orc on level 6 of the Dungeon)
 P - a +3 battleaxe
 R - a +3 dire flail of freezing
   (You took it off a wight on level 8 of the Dungeon)
Missiles
 c - 8 bolts (quivered)
 n - 16 tomahawks
 B - 13 javelins
Armour
 g - a +1 scale mail of positive energy
   (You took it off Urug on level 2 of the Lair of Beasts)
 j - a +1 hat of see invisible (worn)
   (You found it on level 2 of the Dungeon)
 A - a +1 pair of boots (worn)
 C - the +0 pair of fencer's gloves (worn) {+Riposte Dex+3}
   (You found it on level 4 of the Dungeon)

   It affects your dexterity (+3).
 M - a +2 cloak (worn)
 O - a +3 chain mail (worn)
Magical Staves
 r - an uncursed staff of summoning
Jewellery
 i - an amulet of the acrobat (around neck)
 m - an uncursed ring of protection from magic
 s - a +3 ring of slaying (left hand)
 F - a ring of flight (right hand)
 L - a +4 ring of dexterity
 Y - an uncursed ring of ice
Wands
 t - a wand of clouds (4)
 G - a wand of paralysis (4)
 V - a wand of enslavement (35)
Scrolls
 k - 2 scrolls of amnesia
 p - 4 scrolls of remove curse
 v - 9 scrolls of teleportation {!r}
 z - a scroll of blinking
 I - 2 scrolls of magic mapping {!r}
 U - 3 scrolls of identify
Potions
 d - 2 potions of cancellation {!q}
 e - 3 potions of curing
 q - 5 potions of agility {!q}
 u - a potion of lignification {!q}
 D - 2 potions of invisibility {!q}
 J - 2 potions of heal wounds {!q}
Miscellaneous
 l - a lamp of fire
 w - a phial of floods
Comestibles
 f - 35 rations


   Skills:
 - Level 4.0 Fighting
 * Level 12.2 Axes
 - Level 8.6 Crossbows
 + Level 9.6 Armour
   Level 1.0 Shields
 - Level 2.0 Spellcasting
   Level 1.0 Translocations
 - Level 1.0 Evocations


You had 14 spell levels left.
You didn't know any spells.
Your spell library contained the following spells:

 Spells                   Type           Power        Failure   Level  Hunger
 Animate Skeleton         Necr           N/A          97%         1    ##.....
 Confusing Touch          Hex            #.....       97%         1    ##.....
 Pain                     Necr           #...         97%         1    ##.....
 Corpse Rot               Necr           N/A          99%         2    ###....
 Sublimation of Blood     Necr           #.........   99%         2    ###....
 Gell's Gravitas          Tloc           #.........   99%         3    ####...
 Confuse                  Hex            #.......     100%        3    ####...
 Regeneration             Chrm/Necr      #.........   100%        3    ####...
 Vampiric Draining        Necr           #.........   100%        3    ####...
 Animate Dead             Necr           N/A          100%        4    #####..
 Petrify                  Tmut/Erth      #.......     100%        4    #####..
 Agony                    Necr           #.......     100%        5    ######.
 Bolt of Draining         Conj/Necr      #.........   100%        5    ######.
 Borgnjor's Vile Clutch   Necr/Erth      #.........   100%        5    ######.
 Dispel Undead            Necr           #.......     100%        5    ######.
 Metabolic Englaciation   Hex/Ice        #.........   100%        5    ######.
 Yara's Violent Unravell  Hex/Tmut       #.........   100%        5    ######.


Dungeon Overview and Level Annotations

Branches:
Dungeon (8/15)             Temple (1/1) D:5            Lair (3/6) D:8
  Swamp: Lair:2-4    Shoals: Lair:2-4     Snake: Lair:2-4    Spider: Lair:2-4

Altars:
Ashenzari
Cheibriados
Dithmenos
Elyvilon
Fedhas
Gozag
Hepliaklqana
Kikubaaqudgha
Makhleb
Nemelex Xobeh
Okawaru
Qazlal
Ru
Sif Muna
Trog
Uskayaw
Vehumet
Wu Jian
Yredelemnul
Zin
The Shining One

Shops:
D:4 [   D:5 =


Innate Abilities, Weirdness & Mutations

You have a pair of antennae on your head.
A weak demonic guardian rushes to your aid.
You are mostly covered in sharp spines.


Message History

Aim: a red draconian, wielding a scimitar of flaming and wearing a cloak You shoot a bolt.
The bolt closely misses the red draconian.
The air gets thick with the scent of sulphur.
Your quasit bites the red draconian but does no damage.
Your quasit misses the red draconian.
Your quasit claws the red draconian but does no damage.
The red draconian breathes flames at you.
The searing blast hits you!
* * * LOW HITPOINT WARNING * * *
Damage: 34 (max 34) Firing (i - inventory. (/) - cycle)
c - 5 bolts (quivered)
Press: ? - help, Shift-Dir - straight line, f/p - red draconian
Aim: a red draconian, wielding a scimitar of flaming and wearing a cloak You shoot a bolt.
The bolt closely misses the red draconian.
You are engulfed in blazing flames.
* * * LOW HITPOINT WARNING * * *
You flicker back into view.
Your quasit bites the red draconian.
Your quasit barely misses the red draconian. x2
Your iron imp barely misses the red draconian.
Damage: 12 (max 34) Unknown command.
Unknown command.
Evoke which item? (* to show all) (? for menu, Esc to quit)
Aiming: Enslavement
Press: ? - help, Shift-Dir - straight line, f/p - red draconian
Aim: a red draconian, wielding a scimitar of flaming and wearing a cloak (black The red draconian is charmed.
In the distance, the volcano erupts with a roar.
Evoke which item? (* to show all) (? for menu, Esc to quit)
Aiming: Enslavement
Press: ? - help, Shift-Dir - straight line, f - you, p - red draconian That would be overly suicidal.
Okay, then.
Your red draconian is engulfed in blazing flames.
You swap places.
You swap places.
You swap places.
You swap places.
Your quasit disappears in a puff of smoke!
Your iron imp disappears in a puff of smoke!
c - 7 bolts (gained 3)
c - 8 bolts (gained 1)
The red draconian is no longer charmed.
The red draconian breathes flames at you.
The searing blast hits you!
You die...
Kikubaaqudgha rasps: "You have failed me!
Welcome... death!"

#...... '....N #....{
#.(.{ #(. #(# ######
#)# #....# #.#
##...## ##@##
##.....###8.8#
##...≈≈§§##.d(#
##...≈§§≈......##
##....≈§≈≈≈...(..#
##...≈≈≈§≈≈≈§§§(..#
##...≈≈§≈≈≈§§§§§§..##
#....≈§§≈≈≈≈≈≈§≈≈§..#
....≈≈§≈≈≈≈≈≈≈§≈§§≈.#


You could see a red draconian.

Vanquished Creatures
  A hydra (Lair:2)
  Urug (Lair:2)
  A salamander (Volcano)
  3 elephants
  4 spiny frogs
  2 komodo dragons (Lair:2)
  3 blink frogs (Lair:3)
  2 hippogriffs (Lair:2)
  Sigmund (D:4)
  A wyvern (Lair:2)
  A spriggan (D:8)
  6 fire bats (Volcano)
  A hungry ghost (D:8)
  16 yaks
  2 basilisks
  Eustachio (D:6)
  4 water moccasins
  2 ice beasts
  7 porcupines
  A sky beast (D:8)
  2 orc warriors
  5 ogres
  2 centaurs
  7 crocodiles
  8 bullfrogs
  3 scorpions
  4 wights (D:8)
  An electric eel (Lair:1)
  5 lava snakes (Volcano)
  A bullfrog zombie (D:7)
  2 crimson imps
  A jelly (D:6)
  3 orc priests
  A gnoll shaman (D:6)
  A hound (D:8)
  Crazy Yiuf (D:5)
  9 orc wizards
  2 iguanas
  3 worker ants
  A hound zombie (D:6)
  A hound skeleton (D:4)
  Robin (D:4)
  6 gnolls
  11 adders
  4 oozes (Sewer)
  An adder zombie (D:6)
  9 worms
  5 dart slugs
  10 leopard geckos
  26 orcs
  7 giant cockroaches
  12 goblins
  16 hobgoblins
  17 jackals
  11 kobolds
  3 quokkas
  A ball python (D:5)
  15 bats
  8 frilled lizards
  A jackal skeleton (D:6)
  A jackal zombie (D:6)
  7 rats
295 creatures vanquished.

Vanquished Creatures (collateral kills)
  A black mamba (Lair:1)
  A spiny frog (Lair:3)
  A hippogriff (Lair:3)
  4 yaks
  An orc warrior (D:6)
  A sky beast (D:8)
  A crocodile (Lair:1)
  2 bullfrogs
  A crimson imp (D:4)
  An orc priest (D:6)
  2 orc wizards (D:6)
  A leopard gecko (D:8)
  An orc (D:3)
  A hobgoblin (D:3)
  A frilled lizard (D:4)
20 creatures vanquished.

Vanquished Creatures (others)
  2 fungi (Lair:2)
2 creatures vanquished.

Grand Total: 317 creatures vanquished

Notes
Turn   | Place    | Note
-------+----------+-------------------------------------------
     0 | D:1      | Gorice the Demonspawn Wanderer began the quest for the Orb.
     0 | D:1      | Gorice set off with: a +0 shield, a +0 hand crossbow, 26
                  | bolts, a potion of lignification {!q}, a +0 robe, a ration
     0 | D:1      | Reached XP level 1. HP: 19/19 MP: 3/3
    59 | D:1      | Gained mutation: A weak demonic guardian rushes to your
                  | aid. [demonic ancestry]
    59 | D:1      | Reached XP level 2. HP: 14/25 MP: 5/5
   207 | D:1      | Reached skill level 2 in Crossbows
   365 | D:1      | Reached XP level 3. HP: 25/30 MP: 6/6
   665 | D:1      | Reached skill level 3 in Crossbows
  1175 | D:2      | Gained mutation: You have a pair of small antennae on your
                  | head. [demonic ancestry]
  1175 | D:2      | Reached XP level 4. HP: 36/37 MP: 7/7
  1429 | D:2      | Reached skill level 4 in Crossbows
  1436 | D:2      | HP: 9/37 [gnoll/halberd (6)]
  2010 | D:3      | Reached XP level 5. HP: 42/42 MP: 8/8
  2160 | D:3      | Reached skill level 5 in Crossbows
  2729 | D:3      | Reached XP level 6. HP: 48/48 MP: 9/9
  3168 | D:4      | Found a blossoming altar of Fedhas.
  3168 | D:4      | Found the +0 pair of fencer's gloves {+Riposte Dex+3}
  3173 | D:4      | Reached skill level 6 in Crossbows
  3452 | D:4      | Found a glowing drain.
  3469 | Sewer    | Entered a sewer
  3722 | Sewer    | Reached XP level 7. HP: 54/54 MP: 10/10
  4218 | D:4      | Found Lyonimuth's Armour Emporium.
  4230 | D:4      | Bought a +0 pair of boots for 45 gold pieces
  4244 | D:4      | Noticed Robin
  4253 | D:4      | Reached skill level 7 in Crossbows
  4258 | D:4      | Killed Robin
  4570 | D:4      | Noticed Sigmund
  4589 | D:4      | Killed Sigmund
  4765 | D:5      | Entered Level 5 of the Dungeon
  4792 | D:5      | Reached skill level 1 in Armour
  4879 | D:5      | Reached skill level 8 in Crossbows
  4960 | D:5      | Found a bloodstained altar of Trog.
  5021 | D:5      | Found Aplikid's Jewellery Shoppe.
  5117 | D:5      | Found a shattered altar of Ashenzari.
  5251 | D:5      | Found a runed door.
  5255 | D:5      | Noticed Crazy Yiuf
  5265 | D:5      | Killed Crazy Yiuf
  5265 | D:5      | Reached skill level 2 in Armour
  5530 | D:5      | Found a staircase to the Ecumenical Temple.
  5534 | Temple   | Entered the Ecumenical Temple
  5685 | Temple   | Became a worshipper of Kikubaaqudgha
  5896 | D:6      | Gained mutation: You have a pair of antennae on your head.
                  | [demonic ancestry]
  5896 | D:6      | Reached XP level 8. HP: 57/60 MP: 11/11
  6112 | D:6      | Reached skill level 3 in Armour
  6157 | D:6      | Reached skill level 1 in Axes
  6180 | D:6      | Reached skill level 2 in Axes
  6182 | D:6      | Reached * piety under Kikubaaqudgha
  6182 | D:6      | Identified Kikubaaqudgha's Volume of Sinister Rituals
                  | (Kikubaaqudgha gifted it to you on level 6 of the Dungeon)
  6182 | D:6      | Received a gift from Kikubaaqudgha
  6437 | D:6      | Reached skill level 3 in Axes
  6437 | D:6      | Reached skill level 4 in Armour
  6533 | D:6      | Noticed Eustachio
  6557 | D:6      | Killed Eustachio
  6661 | D:6      | Reached skill level 4 in Axes
  6788 | D:6      | Gained mutation: You are partially covered in sharp spines.
                  | [demonic ancestry]
  6788 | D:6      | Reached XP level 9. HP: 65/65 MP: 12/12
  7915 | D:8      | Reached skill level 5 in Axes
  7915 | D:8      | Reached skill level 5 in Armour
  7983 | D:8      | Found a staircase to the Lair.
  7989 | D:8      | Reached ** piety under Kikubaaqudgha
  8100 | D:8      | Reached skill level 6 in Axes
  8217 | D:8      | Reached skill level 6 in Armour
  8307 | D:8      | Reached skill level 7 in Axes
  8892 | Lair:1   | Entered Level 1 of the Lair of Beasts
  9056 | Lair:1   | Reached XP level 10. HP: 57/71 MP: 13/13
  9074 | Lair:1   | Noticed a spiny frog
  9075 | Lair:1   | Noticed a spiny frog
  9084 | Lair:1   | Killed a spiny frog
  9089 | Lair:1   | Killed a spiny frog
  9089 | Lair:1   | Reached skill level 8 in Axes
  9317 | Lair:1   | Reached skill level 7 in Armour
  9410 | Lair:1   | Noticed a black mamba
  9414 | Lair:1   | Reached skill level 9 in Axes
  9440 | Lair:1   | Killed a black mamba
  9461 | Lair:1   | HP: 21/71 [poisoned by a black mamba]
  9466 | Lair:1   | HP: 20/71 [poisoned by a black mamba]
  9473 | Lair:1   | HP: 20/71 [poisoned by a black mamba]
  9481 | Lair:1   | HP: 19/71 [poisoned by a black mamba]
  9832 | Lair:2   | Noticed Urug
  9843 | Lair:2   | Reached *** piety under Kikubaaqudgha
  9843 | Lair:2   | Identified Kikubaaqudgha's Incunabulum of Evil
                  | (Kikubaaqudgha gifted it to you on level 2 of the Lair of
                  | Beasts)
  9843 | Lair:2   | Received a gift from Kikubaaqudgha
  9846 | Lair:2   | HP: 21/71 [Urug/long sword of draining (8)]
  9863 | Lair:2   | Killed Urug
 10194 | Lair:2   | Reached skill level 10 in Axes
 10201 | Lair:2   | Noticed a seven-headed hydra
 10219 | Lair:2   | Killed a seven-headed hydra
 10219 | Lair:2   | Reached skill level 8 in Armour
 10219 | Lair:2   | Gained mutation: You are mostly covered in sharp spines.
                  | [demonic ancestry]
 10219 | Lair:2   | Reached XP level 11. HP: 39/77 MP: 14/14
 10712 | Lair:2   | Found a hazy altar of Hepliaklqana.
 11248 | Lair:2   | Reached skill level 11 in Axes
 11604 | Lair:3   | Reached skill level 9 in Armour
 11890 | Lair:3   | Found a dark tunnel.
 11897 | Volcano  | Entered a volcano
 11992 | Volcano  | Reached skill level 12 in Axes
 12197 | Volcano  | Noticed a red draconian
 12219 | Volcano  | HP: 11/77 [red draconian] (13)]
 12237 | Volcano  | Killed from afar by a red draconian

Vault maps used:
D:1:      minmay_arrival_four_houses
D:3:      first_ration
D:4:      fedhas_altar_3, serial_shops, shop, cheibrodos_sewer_entry_bend,
          uniq_robin, uniq_sigmund
D:5:      ashenzari_altar_1, kennysheep_mini_moat, minmay_temple_entry_trees,
          serial_shops, nicolae_shop_trees, minmay_misc_feat_four_crosses,
          uniq_crazy_yiuf_cottage
D:6:      uniq_eustachio
D:8:      lair_entry_dummy, the_bakery, kennysheep_opposing_triangles
Temple:   regret_index_temple_mists
Lair:1:   minivault_26, serial_bayou_shore_a
Lair:2:   basic_altar, grunt_megastairs_5, infiniplex_staircase_pool_2,
          uniq_urug
Lair:3:   enter_volcano_2, minmay_lair_oklob_chamber, lemuel_fruit_tree
Sewer:    sewer_fruit_machine
Volcano:  volcano_grotto

Skill      XL: |  1  2  3  4  5  6  7  8  9 10 11 |
---------------+----------------------------------+-----
Crossbows      | 2 3 4 5 6 8 |  8.6
Armour         | 2 4 6 8 9 |  9.6
Axes           | 4 7 10 12 | 12.2
Fighting       | |  4.0
Shields        | |  1.0
Spellcasting   | |  2.0
Translocations | |  1.0
Evocations     | |  1.0

Action                   |  1- 3 |  4- 6 |  7- 9 | 10-12 || total
-------------------------+-------+-------+-------+-------++-------
Melee: Short sword       |    49 |    35 |       |       ||    84
       Hand axe          |       |    59 |   240 |   205 ||   504
       Flail             |       |       |       |     5 ||     5
 Fire: Hand crossbow     |   107 |   101 |   176 |   112 ||   496
Throw: Tomahawk          |       |       |       |     1 ||     1
Evoke: Wand              |       |       |     5 |     6 ||    11
  Use: Scroll            |     6 |     3 |    12 |     2 ||    23
       Potion            |       |     1 |       |     2 ||     3
 Stab: Paralysed         |       |       |    12 |    12 ||    24
       Distracted        |       |       |     2 |     3 ||     5
  Eat: Chunk             |     1 |     8 |    18 |     9 ||    36
Armor: Robe              |     6 |       |       |       ||     6
       Scale mail        |    29 |    62 |    47 |       ||   138
       Chain mail        |       |       |   112 |   120 ||   232
Dodge: Dodged            |    25 |    49 |    62 |    88 ||   224
Block: Shield            |    34 |    51 |   118 |       ||   203
       Rpst.: Hand axe   |       |     8 |    16 |    22 ||    46
       Hand crossbow     |       |     2 |     2 |     1 ||     5
       Flail             |       |       |       |     2 ||     2

Table legend:
 A = Non-vault XP
 B = Vault XP
 C = Vault XP percentage of total XP
 D = Non-vault monster count
 E = Vault monster count
 F = Vault count percentage of total count
                 A         B        C        D         E       F
            +---------+---------+-------+---------+---------+-------
      Total |   17066 |    3980 |  18.9 |     253 |      62 |  19.7
            +---------+---------+-------+---------+---------+-------
        D:1 |      65 |       0 |   0.0 |      34 |       0 |   0.0
        D:2 |     113 |       0 |   0.0 |      27 |       0 |   0.0
        D:3 |     272 |       0 |   0.0 |      26 |       0 |   0.0
        D:4 |     334 |     226 |  40.4 |      17 |      15 |  46.9
        D:5 |     254 |      41 |  13.9 |      17 |       1 |   5.6
        D:6 |    1407 |     181 |  11.4 |      38 |       1 |   2.6
        D:7 |     221 |       0 |   0.0 |       7 |       0 |   0.0
        D:8 |    1408 |     614 |  30.4 |      25 |       4 |  13.8
     Lair:1 |    3073 |       0 |   0.0 |      19 |       0 |   0.0
     Lair:2 |    5899 |     961 |  14.0 |      24 |       2 |   7.7
     Lair:3 |    4020 |       0 |   0.0 |      19 |       0 |   0.0
      Sewer |       0 |      94 | 100.0 |       0 |      27 | 100.0
    Volcano |       0 |    1863 | 100.0 |       0 |      12 | 100.0
            +---------+---------+-------+---------+---------+-------

Table legend:
 A = Turns spent in this place as a percentage of turns spent in the entire game.
 B = Non-inter-level travel turns spent in this place as a percentage of non-inter-level travel turns spent in the entire game.
 C = Inter-level travel turns spent in this place as a percentage of turns spent in this place.
 D = Turns resting spent in this place as a percentage of non-inter-level travel turns spent in this place.
 E = Turns spent auto-exploring this place as a percentage of non-inter-level travel turns spent in this place.
 F = Non-inter-level travel turns spent in this place divided by the number of levels of this place that you've seen.
                   A       B       C       D       E      F
               +-------+-------+-------+-------+-------+----------------------
         Total | 100.0 | 100.0 |   3.1 |  15.3 |  42.0 | 846.8
       Dungeon |  66.4 |  66.5 |   3.0 |   7.9 |  52.6 | 985.2
        Temple |   1.4 |   1.0 |  26.8 |   0.0 |  96.7 | 123.0
          Lair |  24.5 |  24.5 |   3.1 |  36.1 |  21.0 | 966.7
         Sewer |   5.0 |   5.1 |   0.0 |   0.0 |  17.0 | 610.0
       Volcano |   2.8 |   2.9 |   0.0 |  43.5 |   0.0 | 340.0
               +-------+-------+-------+-------+-------+----------------------

Vault maps used:
D:1:      minmay_arrival_four_houses
D:3:      first_ration
D:4:      fedhas_altar_3, serial_shops, shop, cheibrodos_sewer_entry_bend,
          uniq_robin, uniq_sigmund
D:5:      ashenzari_altar_1, kennysheep_mini_moat, minmay_temple_entry_trees,
          serial_shops, nicolae_shop_trees, minmay_misc_feat_four_crosses,
          uniq_crazy_yiuf_cottage
D:6:      uniq_eustachio
D:8:      lair_entry_dummy, the_bakery, kennysheep_opposing_triangles
Temple:   regret_index_temple_mists
Lair:1:   minivault_26, serial_bayou_shore_a
Lair:2:   basic_altar, grunt_megastairs_5, infiniplex_staircase_pool_2,
          uniq_urug
Lair:3:   enter_volcano_2, minmay_lair_oklob_chamber, lemuel_fruit_tree
Sewer:    sewer_fruit_machine
Volcano:  volcano_grotto
